 Dungeon Crawl Stone Soup version 0.30-b1-2-g02819fbbbe (webtiles) character file.

Game seed: 4309784381789272697

293 LLlMATKO the Trooper (level 6, 0/84 HPs)
             Began as a Minotaur Berserker on May 6, 2023.
             Was a Priest of Trog.
             Slain by an ogre
             ... wielding a +0 giant spiked club
              (23 damage)
             ... on level 4 of the Dungeon.
             The game lasted 00:02:32 (2874 turns).

LLlMATKO the Trooper (Minotaur Berserker)           Turns: 2874, Time: 00:02:33

Health: 0/84       AC: 11    Str: 24    XL:     6   Next: 11%
Magic:  5/5        EV: 12    Int:  4    God:    Trog [***...]
Gold:   148        SH:  0    Dex:  9    Spells: 5/5 levels left

rFire   . . .        a - +0 hand axe
rCold   . . .        (no shield)
rNeg    . . .        k - +0 ring mail
rPois   .            (helmet restricted)
rElec   .            y - +0 cloak
rCorr   .            (no gloves)
SInv    .            (no boots)
Will    +....        (no amulet) Stlth
                     m - +4 ring of protection
HPRegen 0.34/turn    s - ring of willpower
MPRegen 0.09/turn

%: no passive effects
@: berserking, very quick
A: horns 2, retaliatory headbutt
a: Renounce Religion, Berserk, Trog's Hand


You were on level 4 of the Dungeon.
You worshipped Trog.
Trog was most pleased with you.
You visited 1 branch of the dungeon, and saw 4 of its levels.

You collected 148 gold pieces.

Inventory:

Hand Weapons
 a - a +0 hand axe (weapon)
Armour
 k - a +0 ring mail (worn)
 y - a +0 cloak (worn)
Jewellery
 m - a +4 ring of protection (left hand)
 s - a ring of willpower (right hand)
 t - a ring of fire
 w - a ring of ice
 x - a ring of protection from cold
Scrolls
 c - 2 scrolls of enchant armour {unknown}
 d - 3 scrolls of amnesia {unknown}
 e - 2 scrolls of noise {unknown}
 f - 5 scrolls of magic mapping {unknown}
 i - 3 scrolls of identify {unknown}
 j - a scroll of blinking {unknown}
 q - a scroll of immolation {unknown}
 r - 2 scrolls of vulnerability {unknown}
 v - a scroll of fog {unknown}
Potions
 b - 2 potions of haste {unknown}
 g - a potion of brilliance {unknown}
 h - 2 potions of magic {unknown}
 l - 2 potions of curing {unknown}
 n - 2 potions of ambrosia {unknown}
 o - 2 potions of degeneration {unknown}
 p - a potion of invisibility {unknown}
 u - a potion of cancellation {unknown}
 z - a potion of flight {unknown}


   Skills:
 + Level 5.2 Fighting
 + Level 5.1 Axes
 + Level 4.4 Armour
 + Level 4.0 Dodging


You had 5 spell levels left.
You didn't know any spells.
Your spell library was empty.

Dungeon Overview and Level Annotations

Branches:
Dungeon (4/15)
 Temple: D:4-7

Altars:
Trog
Xom

Shops:
D:2 (


Innate Abilities, Weirdness & Mutations

You have a pair of horns on your head.
You reflexively headbutt those who attack you in melee.


Message History

You barely miss the goblin. Your headbutt misses the goblin.
You closely miss the kobold. The kobold closely misses you.
The goblin hits you with a +0 dagger.
You barely miss the goblin.
You headbutt the goblin, but do no damage.
You hit the kobold.
You kill the kobold!
Trog accepts your kill. The goblin barely misses you.
You hit the goblin.
The goblin is moderately wounded.
The goblin hits you with a +0 dagger. The goblin hits you but does no damage.
You hit the goblin.
You kill the goblin!
Trog accepts your kill.
You hit the ogre. The hound bites you but does no damage.
The ogre hits you with a +0 giant spiked club!!
You hit the ogre but do no damage. Your headbutt misses the ogre.
The ogre is lightly wounded.
You hit the hound. The hound bites you but does no damage.
You hit the hound. Your headbutt misses the hound. Your punch misses the hound.
The hound is heavily wounded.
You hit the ogre. The hound closely misses you.
The ogre hits you with a +0 giant spiked club!
* * * LOW HITPOINT WARNING * * *
The hound misses you.
You are too injured to fight recklessly!
You are too injured to fight recklessly!
You are too injured to fight recklessly!
You are too injured to fight recklessly!
You are too injured to fight recklessly!
You are too injured to fight recklessly!
You are too injured to fight recklessly!
You are too injured to fight recklessly!
You are too injured to fight recklessly!
You are too injured to fight recklessly!
A red film seems to cover your vision as you go berserk!
You feel yourself moving faster!
You feel mighty! The hound barely misses you.
The ogre hits you with a +0 giant spiked club!!
You die...

##..........#
#............
#...........#
#.####...####
######........# #
#.............####
##.####.####...........#
.?......................
#.####@##....#####.####
......hO##....# .....##
##......##....# ###.#.##
...#######....# #.#.# ..
........ #.#.# ##....###
#.#.## #....#####.#...
#...>#.......".
#.##....#'######..


You could see an ogre and a hound.

Vanquished Creatures
  An orc priest (D:3)
  Crazy Yiuf (D:3)
  An orc wizard (D:3)
  A hound skeleton (D:3)
  7 adders
  3 gnolls (D:4)
  An adder skeleton (D:3)
  A worm (D:3)
  A dart slug (D:2)
  10 orcs
  5 bats
  6 endoplasms
  A giant cockroach (D:1)
  6 goblins
  12 hobgoblins
  4 jackals (D:2)
  5 kobolds
  5 quokkas
  7 ball pythons
  A ball python skeleton (D:3)
  2 frilled lizards
  A jackal skeleton (D:3)
  8 rats
90 creatures vanquished.

Vanquished Creatures (others)
  4 withered plants (D:3)
4 creatures vanquished.

Grand Total: 94 creatures vanquished

Notes
Turn   | Place    | Note
-------+----------+-------------------------------------------
     0 | D:1      | LLlMATKO the Minotaur Berserker began the quest for the
                  | Orb.
     0 | D:1      | Reached XP level 1. HP: 19/19 MP: 0/0
   359 | D:1      | Reached XP level 2. HP: 23/27 MP: 1/1
   918 | D:2      | Found Beosy's Antique Weapon Shop.
  1049 | D:2      | Reached ** piety under Trog
  1052 | D:2      | Reached XP level 3. HP: 33/33 MP: 2/2
  1211 | D:2      | Found a shimmering altar of Xom.
  1608 | D:3      | Reached XP level 4. HP: 41/41 MP: 3/3
  1854 | D:3      | Reached XP level 5. HP: 47/47 MP: 4/4
  2146 | D:3      | Reached *** piety under Trog
  2270 | D:3      | Found a runed translucent door.
  2271 | D:3      | Noticed Crazy Yiuf
  2463 | D:3      | Found a bloodstained altar of Trog.
  2542 | D:3      | Killed Crazy Yiuf
  2543 | D:3      | Reached skill level 5 in Fighting
  2543 | D:3      | Reached skill level 5 in Axes
  2608 | D:4      | Reached XP level 6. HP: 39/56 MP: 5/5
  2874 | D:4      | Slain by an ogre

Illustrated notes

Levels and vault maps discovered:
D:1:      lightli_arrival_statue_moat, layout_basic, item_on_display_a
D:2:      layout_loops_ring, serial_shops, nicolae_shop_tiny_waterfront,
          basic_altar, minmay_octomino_j4
D:3:      layout_basic, lemuel_round_altar, serial_undead, serial_undead_c,
          serial_undead_f, serial_undead_e, serial_undead_e,
          minmay_fractal_squares_diagonal_5, uniq_crazy_yiuf_cottage
D:4:      layout_basic, grunt_temple_overflow_holy_war,
          minmay_temple_entry_nine_rooms

Skill      XL: |  1  2  3  4  5  6 |
---------------+-------------------+-----
Fighting       | 4 5 |  5.2
Axes           | 4 5 |  5.1
Armour         | 3 4 |  4.4
Dodging        | 3 4 |  4.0

Action                     |  1- 3 |  4- 6 || total
---------------------------+-------+-------++-------
  Melee: Hand axe          |   102 |    91 ||   193
         Headbutt          |    11 |    13 ||    24
 Invoke: Berserk           |       |     4 ||     4
   Stab: Sleeping          |     1 |       ||     1
 Armour: Animal skin       |     5 |       ||     5
         Ring mail         |    31 |    47 ||    78
  Dodge: Dodged            |    70 |    71 ||   141
